 Dungeon Crawl Stone Soup version 0.26-a0-818-g75db068ed4 (webtiles) character file.

Game seed: 8533318320432334878

3357 marklar909 the Destroyer (level 9, 0/63 HPs)
             Began as a Black Draconian Conjurer on Nov 15, 2020.
             Was a Believer of Vehumet.
             Slain by a vampire (7 damage)
             ... on level 9 of the Dungeon.
             The game lasted 00:22:43 (9886 turns).

marklar909 the Destroyer (Black Draconian Conjurer) Turns: 9886, Time: 00:22:44

Health: 0/63       AC: 10    Str:  9    XL:     9   Next: 73%
Magic:  18/21      EV: 13    Int: 27    God:    Vehumet [**....]
Gold:   614        SH:  0    Dex: 11    Spells: 14/24 levels left

rFire    . . .     SeeInvis .   w - +1 flail (protect)
rCold    . . .     Faith    .   (no shield)
rNeg     . . .     Spirit   .   (armour unavailable)
rPois    .         Reflect  .   (helmet restricted)
rElec    +         Harm     .   h - +1 cloak
rCorr    .         Rampage  .   (no gloves)
MR       .....                  f - +0 pair of boots
Stlth    +++.......             (no amulet)
HPRegen  0.20/turn              k - +6 ring of intelligence
MPRegen  0.17/turn              (no ring)

@: studying Maces & Flails
A: breathe lightning, unfitting armour, electricity resistance, cold-blooded, AC
+7
a: Breathe Lightning, Renounce Religion


You were on level 9 of the Dungeon.
You worshipped Vehumet.
Vehumet was pleased with you.
You visited 2 branches of the dungeon, and saw 10 of its levels.

You collected 614 gold pieces.

Inventory:

Hand Weapons
 w - a +1 flail of protection (weapon)
Armour
 f - a +0 pair of boots (worn)
 h - a +1 cloak (worn)
Jewellery
 k - a +6 ring of intelligence (left hand)
Wands
 o - a wand of iceblast (20)
 s - a wand of acid (15)
 v - a wand of enslavement (10)
 x - a wand of random effects (33)
 B - a wand of flame (18)
Scrolls
 d - 7 scrolls of identify
 e - 5 scrolls of remove curse
 m - 3 scrolls of teleportation
 t - a scroll of fear
 u - a scroll of amnesia
 A - a scroll of enchant weapon
Potions
 b - 3 potions of might {unknown}
 c - 3 potions of lignification {unknown}
 g - a potion of curing
 j - a potion of cancellation {unknown}
 l - a potion of resistance {unknown}
 n - 2 potions of heal wounds {unknown}
 p - 2 potions of brilliance {unknown}
 q - a potion of mutation {unknown}
 z - a potion of flight {unknown}
Books
 a - a manual of Maces & Flails


   Skills:
 + Level 0.7 Fighting
 + Level 2.5 Maces & Flails
 + Level 3.7 Dodging
 + Level 5.4 Stealth
 + Level 0.7 Unarmed Combat
 + Level 8.0 Spellcasting
 + Level 9.2 Conjurations
 + Level 1.7 Translocations
 + Level 0.1 Air Magic
 + Level 0.2 Poison Magic


You had 14 spell levels left.
You knew the following spells:

 Your Spells              Type           Power        Failure   Level
a - Magic Dart            Conj           ####         1%          1
b - Searing Ray           Conj           ######       1%          2
c - Iskenderun's Mystic   Conj/Tloc      #####...     5%          4
d - Mephitic Cloud        Conj/Pois/Air  ####....     4%          3

Your spell library contained the following spells:

 Spells                   Type           Power        Failure   Level
 Sandblast                Erth           ##....       5%          1
 Conjure Flame            Conj/Fire      #####...     2%          3
 Dazzling Flash           Conj/Hex       #####.       2%          3
 Blink                    Tloc           N/A          3%          2
 Summon Small Mammal      Summ           ##..         5%          1
 Call Imp                 Summ           ##......     8%          2
 Slow                     Hex            ##......     8%          2
 Fulminant Prism          Conj/Hex       #####.....   8%          4
 Call Canine Familiar     Summ           ##......     16%         3
 Summon Guardian Golem    Hex/Summ       ##......     16%         3
 Summon Ice Beast         Ice/Summ       ##......     45%         4
 Summon Lightning Spire   Summ/Air       ##......     45%         4


Dungeon Overview and Level Annotations

Branches:
Dungeon (9/15)             Temple (1/1) D:4
   Lair: D:8-11         Orc: D:9-12

Altars:
Dithmenos
Elyvilon
Fedhas
Gozag
Hepliaklqana
Kikubaaqudgha
Makhleb
Nemelex Xobeh
Okawaru
Qazlal
Ru
Sif Muna
Trog
Uskayaw
Vehumet
Wu Jian
Xom
The Shining One

Shops:
D:4 =[

Annotations:
D:4 2 transporters


Innate Abilities, Weirdness & Mutations

You can breathe wild blasts of lightning.
Your glossy black scales are hard. (AC +7)
You cannot fit into any form of body armour.
You are resistant to electric shocks. (rElec)
You are cold-blooded and may be slowed by cold attacks.


Message History

You hear some strange, mumbled words.
You are more confused.
Unknown command.
You bump into the rock wall.
Something hits you but does no damage. Something bites you but does no damage.
You miss something.
Your tail-slap misses something.
Something hits you! Something barely misses you. Something hits you.
Something bites you!
* * * LOW HITPOINT WARNING * * *
Something draws strength from your injuries!
You bump into the rock wall.
Something hits you!
* * * LOW HITPOINT WARNING * * *
Something bites you but does no damage.
You feel better. Something hits you!
* * * LOW HITPOINT WARNING * * *
Something bites you.
* * * LOW HITPOINT WARNING * * *
Something draws strength from your injuries!
Unknown command.
You feel better. Something hits you!
You die...

#......##.#
#......'..#
#......##......
#......# .#...
#......# # #
######.# .#
#.###.#
######.....##
#......@....#
#...........#
#...........#
#...........#
#........####
#........#
#........#
#.........
########...


There were no monsters in sight!

Vanquished Creatures
  Pikel (D:4)
  Maggie (D:8)
  Grum (D:8)
  Duvessa (D:7)
  3 sky beasts
  2 necrophages
  A black bear (D:6)
  An ogre (D:3)
  4 phantoms
  3 wolves (D:8)
  A centaur (D:7)
  3 lemures
  A bullfrog (D:8)
  Dowan (D:7)
  3 wights (D:5)
  A howler monkey (D:4)
  A centaur zombie (D:7)
  10 orc wizards
  Crazy Yiuf (D:2)
  2 orc priests
  Jessica (D:3)
  3 worker ants
  2 worker ant zombies
  3 gnolls (D:5)
  2 howler monkey skeletons
  10 adders
  2 white imps
  2 ufetubi
  An adder skeleton (D:4)
  An adder zombie (D:8)
  6 worms
  4 dart slugs
  7 leopard geckos
  11 orcs
  3 ball pythons
  9 bats
  5 giant cockroaches
  6 hobgoblins
  4 jackals (D:7)
  3 quokkas
  6 frilled lizards
  6 goblins
  A jackal skeleton (D:7)
  A jackal zombie (D:7)
  9 kobolds
  7 rats
157 creatures vanquished.

Vanquished Creatures (others)
  A plant (D:4)
1 creature vanquished.

Grand Total: 158 creatures vanquished

Notes
Turn   | Place    | Note
-------+----------+-------------------------------------------
     0 | D:1      | marklar909 the Draconian Conjurer began the quest for the
                  | Orb.
     0 | D:1      | Reached XP level 1. HP: 14/14 MP: 3/3
   261 | D:1      | Reached XP level 2. HP: 20/20 MP: 1/5
   833 | D:1      | Learned a level 2 spell: Searing Ray
  1196 | D:2      | Reached XP level 3. HP: 19/26 MP: 1/6
  1844 | D:2      | Found a runed translucent door.
  1845 | D:2      | Noticed Crazy Yiuf
  1987 | D:2      | Found an ancient bone altar of Kikubaaqudgha.
  2672 | D:2      | Killed Crazy Yiuf
  2673 | D:2      | Reached XP level 4. HP: 33/33 MP: 0/8
  2767 | D:3      | Noticed Jessica
  2769 | D:3      | Killed Jessica
  2771 | D:3      | Reached skill level 5 in Conjurations
  3104 | D:3      | Reached XP level 5. HP: 38/38 MP: 1/9
  3371 | D:3      | Found a sparkling altar of Nemelex Xobeh.
  3620 | D:3      | Noticed an ogre
  3624 | D:3      | Killed an ogre
  3772 | D:4      | Noticed a lemure
  3772 | D:4      | Noticed a phantom
  3778 | D:4      | Killed a phantom
  3779 | D:4      | Reached XP level 6. HP: 38/45 MP: 2/12
  4023 | D:4      | Found Itisej's Antique Armour Emporium.
  4452 | D:4      | Found Vinlol's Jewellery Shop.
  4504 | D:4      | Found a transporter.
  4577 | D:4      | Found a transporter.
  4590 | D:4      | Reached skill level 6 in Conjurations
  4787 | D:4      | Noticed Pikel
  4823 | D:4      | Killed Pikel
  4824 | D:4      | Reached skill level 5 in Spellcasting
  4824 | D:4      | Reached skill level 7 in Conjurations
  4824 | D:4      | Your scales start taking on a glossy black colour.
  4824 | D:4      | Reached XP level 7. HP: 49/50 MP: 1/15
  4824 | D:4      | Gained mutation: You are resistant to electric shocks.
                  | (rElec) [Black Draconian growth]
  4968 | D:4      | Found a staircase to the Ecumenical Temple.
  5415 | D:4      | Learned a level 4 spell: Iskenderun's Mystic Blast
  5469 | D:5      | Entered Level 5 of the Dungeon
  5545 | Temple   | Entered the Ecumenical Temple
  5656 | Temple   | Became a worshipper of Vehumet
  5702 | D:4      | Reached XP level 8. HP: 48/57 MP: 11/16
  6579 | D:5      | Found a glowing golden altar of the Shining One.
  6583 | D:5      | Found an ornate altar of the Wu Jian Council.
  6586 | D:5      | Found an iron altar of Okawaru.
  6646 | D:6      | Reached * piety under Vehumet
  6646 | D:6      | Offered knowledge of Freeze by Vehumet.
  7019 | D:6      | Reached skill level 8 in Conjurations
  7436 | D:6      | Learned a level 3 spell: Mephitic Cloud
  7736 | D:7      | Reached XP level 9. HP: 50/62 MP: 15/19
  7980 | D:7      | Noticed Duvessa
  7993 | D:7      | Noticed Dowan
  7994 | D:7      | Killed Duvessa
  7997 | D:7      | Killed Dowan
  8394 | D:7      | Found a bloodstained altar of Trog.
  8456 | D:8      | Noticed Maggie
  8469 | D:8      | Killed Maggie
  8670 | D:8      | Reached skill level 5 in Stealth
  8913 | D:8      | Noticed Grum
  8917 | D:8      | Offered knowledge of Sandblast by Vehumet.
  8918 | D:8      | Reached ** piety under Vehumet
  8919 | D:8      | Reached skill level 9 in Conjurations
  8922 | D:8      | Killed Grum
  8933 | D:8      | Reached skill level 1 in Translocations
  9163 | D:8      | Found a white marble altar of Elyvilon.
  9885 | D:9      | HP: 1/63 [something (3)]
  9886 | D:9      | Slain by a vampire

Illustrated notes

Levels and vault maps discovered:
D:1:      giann_bridges, layout_loops_corners
D:2:      layout_basic, lemuel_crystal_altar, uniq_crazy_yiuf_cottage
D:3:      layout_rooms, lemuel_doored_altar, uniq_jessica
D:4:      gammafunk_wand_slinger, layout_basic, minmay_temple_entry_large_hall,
          serial_shops, nicolae_shop_overgrown_old_shop, shop_statue,
          grunt_decor_junction, minmay_manual_monstrance, uniq_pikel
D:5:      layout_cave_pools, minmay_overflow_temple_star_quad
D:6:      layout_layer_cave
D:7:      layout_cave_pools, kennysheep_cluttered_room, trog_book, uniq_duvessa
D:8:      layout_loops_ring, elyvilon_altar_3, uniq_maggie, uniq_grum
D:9:      layout_basic, zin_treasury, david_lair_generic
Temple:   eino_temple_rhombus

Skill      XL: |  1  2  3  4  5  6  7  8  9 |
---------------+----------------------------+-----
Dodging        | 2 3 |  3.7
Stealth        | 2 3 4 5 |  5.4
Spellcasting   | 3 4 5 7 8 |  8.0
Conjurations   | 5 7 8 9 |  9.2
Translocations | 1 |  1.7
Maces & Flails | 2 |  2.5
Fighting       | |  0.7
Unarmed Combat | |  0.7
Air Magic      | |  0.1
Poison Magic   | |  0.2

Action                   |  1- 3 |  4- 6 |  7- 9 || total
-------------------------+-------+-------+-------++-------
Melee: Unarmed           |    15 |     1 |       ||    16
       Tailslap          |     2 |     1 |       ||     3
       Whip              |       |       |     4 ||     4
       Flail             |       |       |     2 ||     2
 Cast: Magic Dart        |    79 |     4 |     6 ||    89
       Searing Ray       |     5 |    37 |    76 ||   118
       Iskenderun's Myst |       |       |     3 ||     3
       Mephitic Cloud    |       |       |     1 ||     1
Evoke: Wand              |       |       |     4 ||     4
  Use: Scroll            |       |     2 |     6 ||     8
       Potion            |       |       |     2 ||     2
 Stab: Sleeping          |       |       |     1 ||     1
Armor: Skin              |     6 |    14 |    32 ||    52
Dodge: Dodged            |    16 |    13 |    44 ||    73

Table legend: (Time is in decaauts)
 A = Elapsed time spent in this place.
 B = Non-inter-level travel time spent in this place.
 C = Inter-level travel time spent in this place.
 D = Time resting spent in this place.
 E = Time spent auto-exploring this place.
 F = Levels seen in this place.
 G = Mean time per level.
                   A        B        C        D        E       F      G
               +--------+--------+--------+--------+--------+-----+--------+
         Total |   9892 |   9128 |    764 |    784 |   7059 |  10 |  989.2 |
       Dungeon |   9764 |   9046 |    718 |    784 |   6979 |   9 | 1084.9 |
        Temple |    127 |     81 |     46 |      0 |     80 |   1 |  127.0 |
               +--------+--------+--------+--------+--------+-----+--------+

Top non-repeatable levels by time:
     D:4: 1683 daAuts
     D:2: 1586 daAuts
     D:3: 1341 daAuts
     D:1: 1181 daAuts
     D:8: 1134 daAuts
     D:7: 1007 daAuts
     D:5: 840 daAuts
     D:6: 829 daAuts
     D:9: 159 daAuts
  Temple: 127 daAuts
